 Dungeon Crawl Stone Soup version 0.28-a0-938-gbc3f381ebc (webtiles) character file.

Game seed: 2190501228982746033

90889 ytrimaz the Protected (level 15, 0/123 (124) HPs)
             Began as a Demonspawn Berserker on Nov 29, 2021.
             Was a High Priest of Trog.
             Slain by an orc knight (32 damage)
             ... on level 2 of the Orcish Mines.
             The game lasted 00:30:41 (21745 turns).

ytrimaz the Protected (Demonspawn Berserker)       Turns: 21745, Time: 00:30:42

HP:   0/123 (124)   AC: 39    Str: 29    XL:     15   Next: 53%
MP:   1/15          EV: 11    Int: 10    God:    Trog [*****.]
Gold: 1063          SH:  0    Dex: 12    Spells: 14/14 levels left

rFire   + . .      SeeInvis +   D - +7 pair of quick blades "Gyre" and "Gimble" {protect}
rCold   . . .      Faith    .   (shield currently unavailable)
rNeg    + . .      Spirit   .   C - +3 plate armour
rPois   .          Reflect  .   (helmet unavailable)
rElec   .          Harm     .   S - +0 cloak of Pujysem {rF+ Regen+ Str+4}
rCorr   .          Rampage  .   l - +2 pair of gloves {infuse}
Will    +++..                   P - +0 pair of boots
Stlth   ..........              G - amulet of regeneration
HPRegen 2.90/turn               e - +4 ring of protection
MPRegen 0.14/turn               p - ring of positive energy

@: strong-willed (expiring), under a protective aura, regenerating (expiring),
lightly drained
A: antennae 3, slimy green scales 1, spiny 1, demonic magic 2, camouflage 1,
strong 1
a: Renounce Religion, Berserk, Trog's Hand, Brothers in Arms


You were on level 2 of the Orcish Mines.
You worshipped Trog.
Trog was extremely pleased with you.
You visited 3 branches of the dungeon, and saw 18 of its levels.
You also visited: Sewer and Gauntlet.

You collected 1360 gold pieces.
You spent 297 gold pieces at shops.

Inventory:

Hand Weapons
 a - a +3 flail of draining
 d - a +3 whip of venom
 t - a +3 vorpal triple sword
 x - a +1 flail of draining
 D - the +7 pair of quick blades "Gyre" and "Gimble" (weapon) {protect}
   (You acquired it in the Ecumenical Temple)

   It grants its wielder temporary protection when it strikes (+7 to AC).
Missiles
 b - 8 boomerangs (quivered)
 v - 2 throwing nets
 L - 6 javelins
 O - 10 silver javelins
Armour
 c - a +0 kite shield
 k - a scarf of repulsion
 l - a +2 pair of gloves of infusion (worn)
 A - a +3 leather armour of poison resistance
 C - a +3 plate armour (worn)
 P - a +0 pair of boots (worn)
 S - the +0 cloak of Pujysem (worn) {rF+ Regen+ Str+4}
   (You found it in a Gauntlet)

   Str:       It affects your strength (+4).
   rF:        It protects you from fire.
   Regen:     It increases your rate of health regeneration.
Jewellery
 e - a +4 ring of protection (left hand)
 p - a ring of positive energy (right hand)
 B - an amulet of magic regeneration
 G - an amulet of regeneration (around neck)
 W - an amulet of faith
Wands
 i - a wand of iceblast (13)
 y - a wand of flame (18)
 H - a wand of digging (15)
 J - a wand of charming (9)
 T - a wand of paralysis (6)
 U - a wand of acid (13)
Scrolls
 j - 7 scrolls of teleportation
 q - 2 scrolls of magic mapping
 w - 2 scrolls of brand weapon
 z - 2 scrolls of fog
 F - a scroll of torment
 I - a scroll of enchant armour
 M - a scroll of blinking
 X - a scroll of enchant weapon
Potions
 f - 3 potions of flight
 g - 4 potions of haste
 h - 11 potions of curing
 m - 3 potions of might
 n - 3 potions of resistance
 o - a potion of cancellation
 r - 6 potions of heal wounds
 s - 3 potions of magic
 u - a potion of attraction {unknown}
 K - 2 potions of ambrosia
 N - a potion of invisibility
 Q - a potion of brilliance
 R - a potion of berserk rage {unknown}


   Skills:
 + Level 13.2 Fighting
 - Level 8.0 Short Blades
 - Level 3.1(8.3) Axes
 * Level 12.0(12.2) Maces & Flails
 + Level 13.6 Armour
 * Level 9.9 Dodging


You had 14 spell levels left.
You didn't know any spells.
Your spell library contained the following spells:

 Spells                   Type           Power      Damage    Failure   Level
 Lesser Beckoning         Tloc           0%         N/A       100%        3
 Teleport Other           Tloc           0%         N/A       100%        3
 Dispersal                Tloc           0%         N/A       100%        6


Dungeon Overview and Level Annotations

Branches:
Dungeon (15/15)            Temple (1/1) D:7            Lair (0/6) D:11
    Orc (2/2) D:11         Vaults (0/5) D:13         Depths (0/4) D:15
  Sewer (visited)         Gauntlet (visited)
    Elf: Orc:2

Altars:
Ashenzari
Cheibriados
Dithmenos
Elyvilon
Fedhas
Gozag
Hepliaklqana
Kikubaaqudgha
Makhleb
Nemelex Xobeh
Okawaru
Qazlal
Ru
Sif Muna
Trog
Uskayaw
Vehumet
Wu Jian
Xom
Yredelemnul
Zin
The Shining One

Shops:
D:4 *   D:5 (   D:8 :   D:10 *   D:11 ?   D:14 [*=[(

Portals:
Trove: D:12 (show abyssal rune of Zot)

Annotations:
D:5 2 transporters, dolemite99's ghost, novice TrBr


Innate Abilities, Weirdness & Mutations

You have a pair of large antennae on your head. (SInv)
You are partially covered in slimy green scales. (AC +2)
You are partially covered in sharp spines.
Spells you cast may paralyse nearby enemies.
Your skin changes colour to match your surroundings (Stealth+).
Your muscles are strong. (Str +2)


Message History

The hellwing barely misses you.
You hit the orc sorcerer. You puncture the orc sorcerer!
You kill the orc sorcerer!
Trog accepts your kill.
Trog appreciates your killing of a magic user.
The rust devil disappears in a puff of smoke!
The hellwing disappears in a puff of smoke!
The orc warrior is struck by your spines.
The orc warrior hits you with a +0 hand axe.
The orc knight hits you from afar with a +0 bardiche!
You hit the orc wizard. You impale the orc wizard!!
You kill the orc wizard!
Trog accepts your kill.
Trog appreciates your killing of a magic user.
You puncture the orc sorcerer! x2
The orc sorcerer hits you but does no damage.
You barely miss the orc sorcerer.
You hit the orc sorcerer but do no damage.
The hellwing hits you but does no damage.
The hellwing misses you. The orc knight barely misses you.
The orc warrior is struck by your spines.
The orc warrior hits you with a +0 hand axe!
Unknown command.
You barely miss the orc sorcerer. You puncture the orc sorcerer!
The orc priest invokes the aid of Beogh against you.
Beogh smites you!
* * * LOW HITPOINT WARNING * * *
You hit the orc sorcerer.
You hit the orc sorcerer but do no damage.
The orc wizard is struck by your spines.
The orc wizard barely misses you.
The orc sorcerer is struck by your spines.
You kill the orc sorcerer!
Trog accepts your kill.
Trog appreciates your killing of a magic user.
The hellwing disappears in a puff of smoke!
Found two rat skeletons.
You feel the effects of Trog's Hand fading.
The orc knight hits you with a +2 war axe!!
You die...

{
##.).........#.....
##................<
##.....#####........
#....##### ......
#...## ..#####...
#.))##.÷.÷.. ##
##.).#.÷...÷
#oooo.÷..÷.
##)@.÷..○..
##§..÷...÷ #o..÷....
###...... #÷....
#####


You could see 2 orc knights, an orc warrior (strong), an orc priest (strong) and
an orc wizard (strong, invisible).

Vanquished Creatures
  Nessos (D:15)
  A minotaur (Gauntlet)
  Snorg (D:13)
  3 boulder beetles
  3 ogre magi
  3 death yaks (D:11)
  A death scarab (Gauntlet)
  9 two-headed ogres
  5 centaur warriors
  3 orc high priests (Orc:2)
  A death knight (D:13)
  A soul eater (Gauntlet)
  6 skeletal warriors
  An orange crystal statue (Gauntlet)
  A wizard (D:15)
  A necromancer (D:15)
  5 orc knights
  A deep elf zephyrmancer (D:15)
  Pikel (D:6)
  29 ugly things
  A deep elf pyromancer (D:15)
  5 cyclopes
  3 orc sorcerers (Orc:2)
  2 manticores (D:15)
  A moth of wrath (D:13)
  A naga mage (D:15)
  2 kobold demonologists
  An unseen horror (shapeshifter) (D:15)
  3 centaur skeletons (D:15)
  An efreet (D:15)
  2 unseen horrors
  A demonic crawler (D:13)
  A rime drake (shapeshifter) (D:14)
  2 freezing wraiths (D:13)
  7 trolls
  3 meliai (D:15)
  A hornet (shapeshifter) (D:14)
  3 hornets
  A spectral dream sheep (Gauntlet)
  5 slime creatures
  Sigmund (D:3)
  A vampire (D:11)
  3 shadows
  4 wraiths
  15 yaks
  A wyvern (D:9)
  2 basilisks
  Grum (D:8)
  A hog (shapeshifter) (D:11)
  2 steam dragons (D:6)
  7 vampire mosquitoes
  Edmund (D:6)
  Menkaure (D:6)
  3 swamp worms (D:13)
  A water moccasin (D:6)
  An ice beast (D:7)
  18 orc warriors
  6 ogres
  2 necrophages
  4 wolves (D:7)
  5 centaurs
  6 kobold brigands
  2 gnoll sergeants
  A bullfrog (D:9)
  A wyvern zombie (D:5)
  5 scorpions
  A water moccasin skeleton (D:5)
  5 killer bees (D:9)
  A hornet simulacrum (D:15)
  An electric eel (D:9)
  10 howler monkeys
  2 bullfrog zombies (D:6)
  5 centaur zombies
  15 orc priests
  A jelly (D:6)
  A bullfrog skeleton (D:6)
  3 iguanas
  20 orc wizards
  2 hell rats (D:11)
  A hound zombie (D:5)
  A howler monkey zombie (D:8)
  11 gnolls
  7 adders
  4 river rats (Sewer)
  4 shadow imps
  An ufetubus (D:4)
  6 worms
  66 orcs
  4 endoplasms
  A giant cockroach (D:2)
  4 goblins
  19 hobgoblins
  6 jackals (D:5)
  33 kobolds
  7 quokkas
  11 ball pythons
  4 bats
  3 frilled lizards
  26 rats
504 creatures vanquished.

Vanquished Creatures (others)
  A steam dragon (D:6)
  10 plants
  3 withered plants (Gauntlet)
14 creatures vanquished.

Grand Total: 518 creatures vanquished

Notes
Turn   | Place    | Note
-------+----------+-------------------------------------------
     0 | D:1      | ytrimaz the Demonspawn Berserker began the quest for the
                  | Orb.
     0 | D:1      | Reached XP level 1. HP: 18/18 MP: 1/1
   115 | D:1      | Gained mutation: You have a pair of small antennae on your
                  | head. [demonic ancestry]
   115 | D:1      | Reached XP level 2. HP: 20/24 MP: 2/2
   293 | D:1      | Found a faded altar of an unknown god.
  1284 | D:2      | Reached ** piety under Trog
  1285 | D:2      | Gained mutation: You are partially covered in sharp spines.
                  | [demonic ancestry]
  1285 | D:2      | Reached XP level 3. HP: 29/29 MP: 3/3
  1888 | D:3      | Noticed Sigmund
  1905 | D:3      | Killed Sigmund
  1906 | D:3      | Reached XP level 4. HP: 37/37 MP: 4/4
  1906 | D:3      | Reached XP level 5. HP: 42/42 MP: 5/5
  2332 | D:3      | Reached XP level 6. HP: 36/48 MP: 6/6
  2628 | D:4      | Found a glowing drain.
  2650 | D:4      | Reached XP level 7. HP: 31/54 MP: 7/7
  2659 | Sewer    | Entered a sewer
  2797 | Sewer    | Reached *** piety under Trog
  3013 | Sewer    | Reached skill level 5 in Maces & Flails
  3113 | Sewer    | Reached **** piety under Trog
  3446 | D:4      | Found Yplainum's CLEARANCE SALE!.
  3920 | D:4      | Gained mutation: You are partially covered in slimy green
                  | scales. (AC +2) [demonic ancestry]
  3920 | D:4      | Reached XP level 8. HP: 58/61 MP: 8/8
  3954 | D:5      | Entered Level 5 of the Dungeon
  4039 | D:5      | Noticed dolemite99's ghost (novice TrBr)
  4044 | D:5      | Identified the +10 trident "Arcanum" {elec, Fly rF+ rN+}
  4044 | D:5      | Identified the +2 buckler "Neofenua" {rElec rC+}
  4169 | D:5      | Found a transporter.
  4169 | D:5      | Found a transporter.
  4175 | D:5      | Identified the +1 leather armour of Quiet Fog {rElec rC+
                  | Str+2 Dex+3}
  4229 | D:5      | Found a shimmering altar of Xom.
  4347 | D:5      | Found Lybatan's Weapon Emporium.
  4388 | D:5      | Reached skill level 5 in Armour
  5094 | D:6      | Noticed Edmund
  5106 | D:6      | Killed Edmund
  5617 | D:6      | Reached skill level 5 in Fighting
  5618 | D:6      | Reached XP level 9. HP: 21/68 MP: 9/9
  5850 | D:6      | Noticed Menkaure
  5850 | D:6      | Noticed Pikel
  5862 | D:6      | Killed Pikel
  5869 | D:6      | Killed Menkaure
  5973 | D:6      | Acquired a +1 pair of gloves of infusion
  6074 | D:6      | Noticed a two-headed ogre
  6088 | D:6      | Killed a two-headed ogre
  6588 | D:7      | Found a staircase to the Ecumenical Temple.
  6616 | Temple   | Entered the Ecumenical Temple
  7117 | Temple   | Acquired the +7 pair of quick blades "Gyre" and "Gimble"
                  | {protect}
  7117 | Temple   | Found the +7 pair of quick blades "Gyre" and "Gimble"
                  | {protect}
  7317 | D:7      | Reached skill level 1 in Short Blades
  7685 | D:8      | Noticed Grum
  7705 | D:7      | Reached XP level 10. HP: 76/76 MP: 2/10
  7753 | D:8      | Killed Grum
  8091 | D:8      | Noticed a centaur warrior
  8211 | D:8      | Killed a centaur warrior
  8316 | D:8      | Reached skill level 5 in Short Blades
  8416 | D:8      | Found Leosenuy's Book Shop.
  9142 | D:9      | Reached ***** piety under Trog
  9788 | D:10     | Entered Level 10 of the Dungeon
  9825 | D:10     | Found Xarphugu's Assorted Antiques.
  9848 | D:10     | Bought a diamond-encrusted scale mail for 297 gold pieces
  9848 | D:10     | Identified the +1 scale mail of Orruxzui {rN++ Stlth+} (You
                  | bought it in a shop on level 10 of the Dungeon)
  9960 | D:10     | Gained mutation: Spells you cast may paralyse adjacent
                  | enemies. [demonic ancestry]
  9960 | D:10     | Reached XP level 11. HP: 81/83 MP: 0/11
 11051 | D:10     | Noticed an orc knight
 11069 | D:10     | Killed an orc knight
 11722 | D:11     | Received a gift from Trog
 11856 | D:11     | Found Nigrem's Magic Scroll Shoppe.
 12016 | D:11     | Noticed a green ugly thing
 12034 | D:11     | Killed a green ugly thing
 12541 | D:11     | Identified the +5 chain mail "Ymapnuru" {-Tele rN+ Str+3
                  | Int+7}
 12717 | D:11     | Reached skill level 5 in Dodging
 12833 | D:11     | Found a staircase to the Lair.
 12834 | D:11     | Noticed a death yak
 12834 | D:11     | Noticed a death yak
 12834 | D:11     | Noticed a death yak
 12861 | D:11     | Killed a death yak
 12881 | D:11     | Killed a death yak
 12882 | D:11     | Reached skill level 10 in Maces & Flails
 12898 | D:11     | Killed a death yak
 12899 | D:11     | Gained mutation: You have a pair of antennae on your head.
                  | [demonic ancestry]
 12899 | D:11     | Reached XP level 12. HP: 94/94 MP: 0/12
 13042 | D:11     | Found a staircase to the Orcish Mines.
 13418 | D:11     | Gained mutation: Your mind is acute. (Int +2) [potion of
                  | mutation]
 13418 | D:11     | Gained mutation: Your body sometimes deteriorates upon
                  | taking damage. [potion of mutation]
 13418 | D:11     | Gained mutation: You are frail. (-10% HP) [potion of
                  | mutation]
 13445 | D:11     | Lost mutation: Your body sometimes deteriorates upon taking
                  | damage. [potion of mutation]
 13445 | D:11     | Lost mutation: You are frail. (-10% HP) [potion of
                  | mutation]
 13445 | D:11     | Lost mutation: Your mind is acute. (Int +2) [potion of
                  | mutation]
 13445 | D:11     | Gained mutation: Your muscles are strong. (Str +2) [potion
                  | of mutation]
 13445 | D:11     | Gained mutation: Your skin changes colour to match your
                  | surroundings (Stealth+). [potion of mutation]
 14009 | D:12     | Found a portal to a secret trove of treasure.
 14009 | D:12     | Noticed a boulder beetle
 14064 | D:12     | Killed a boulder beetle
 15153 | D:13     | Noticed a two-headed ogre
 15163 | D:13     | Killed a two-headed ogre
 15290 | D:13     | Reached skill level 10 in Armour
 15381 | D:15     | Entered Level 15 of the Dungeon
 15381 | D:15     | Noticed an ogre mage
 15381 | D:15     | Noticed a two-headed ogre
 15381 | D:15     | Noticed a two-headed ogre
 15401 | D:15     | Killed a two-headed ogre
 15407 | D:15     | Killed an ogre mage
 15408 | D:15     | Noticed a two-headed ogre
 15408 | D:15     | Noticed a two-headed ogre
 15420 | D:15     | Killed a two-headed ogre
 15429 | D:15     | Killed a two-headed ogre
 15433 | D:15     | Killed a two-headed ogre
 15541 | D:15     | Reached skill level 10 in Fighting
 15544 | D:15     | Found a gate leading to a gauntlet.
 15593 | Gauntlet | Entered a Gauntlet
 15593 | Gauntlet | Found a transporter.
 15593 | Gauntlet | Found a transporter.
 15674 | Gauntlet | Found a transporter.
 15689 | Gauntlet | Found a transporter.
 15691 | Gauntlet | Found a large runed translucent door.
 15691 | Gauntlet | Noticed a death scarab
 15692 | Gauntlet | Found a large runed translucent door.
 15693 | Gauntlet | Found a large runed translucent door.
 15693 | Gauntlet | Found a large runed translucent door.
 15703 | Gauntlet | Found a transporter.
 15716 | Gauntlet | Found a transporter.
 15740 | Gauntlet | Found a large runed translucent door.
 15798 | Gauntlet | Found a transporter.
 15807 | Gauntlet | Found a transporter.
 15827 | Gauntlet | Found a transporter.
 15834 | Gauntlet | Found a transporter.
 15849 | Gauntlet | Noticed a cacodemon
 15851 | Gauntlet | Found a transporter.
 15918 | Gauntlet | Found a transporter.
 15920 | Gauntlet | Found a large runed translucent door.
 15921 | Gauntlet | Found a large runed translucent door.
 15922 | Gauntlet | Found a large runed translucent door.
 15922 | Gauntlet | Found a large runed translucent door.
 15922 | Gauntlet | Found a runed translucent door.
 15923 | Gauntlet | Found a large runed translucent door.
 15924 | Gauntlet | Found a large runed translucent door.
 15925 | Gauntlet | Found a large runed translucent door.
 15925 | Gauntlet | Found a large runed translucent door.
 15926 | Gauntlet | Found a runed translucent gate.
 15926 | Gauntlet | Noticed a death scarab
 15928 | Gauntlet | Found a transporter.
 15935 | Gauntlet | Found a transporter.
 15960 | Gauntlet | Found a transporter.
 15962 | Gauntlet | Found a runed translucent gate.
 15962 | Gauntlet | Found a runed translucent gate.
 15964 | Gauntlet | Found a large runed translucent door.
 15966 | Gauntlet | Found a runed translucent door.
 15970 | Gauntlet | Found a transporter.
 16006 | Gauntlet | Found a large runed translucent door.
 16021 | Gauntlet | Found a large runed translucent door.
 16118 | Gauntlet | Identified the +0 cloak of Pujysem {rF+ Regen+ Str+4}
 16197 | Gauntlet | Killed a death scarab
 16242 | Gauntlet | Identified the +1 helmet of Floral the Good {Fly}
 16338 | Gauntlet | Noticed a minotaur
 16356 | Gauntlet | Killed a minotaur
 16357 | Gauntlet | Gained mutation: You have a pair of large antennae on your
                  | head. (SInv) [demonic ancestry]
 16357 | Gauntlet | Reached XP level 13. HP: 104/104 MP: 0/13
 16400 | Gauntlet | Got the Collected Works on the Compass
 16502 | D:14     | Found Rogyin's Weapon Boutique.
 16731 | D:14     | Found Ruf Suul's Jewellery Shoppe.
 17053 | D:14     | Found Folydy's Antique Armour Boutique.
 17063 | D:14     | Received a gift from Trog
 17171 | D:14     | Found Pikhlix's Assorted Antiques.
 17259 | D:14     | Found Boarongi's Antique Armour Shop.
 18304 | D:13     | Identified the +4 robe of the Maze {Str+3 Dex-2 Archmagi}
 18322 | D:13     | Found a gate to the Vaults.
 18564 | D:13     | Noticed Snorg
 18571 | D:13     | Killed Snorg
 19411 | D:15     | Gained mutation: Spells you cast may paralyse nearby
                  | enemies. [demonic ancestry]
 19411 | D:15     | Reached XP level 14. HP: 64/115 MP: 0/14
 19417 | D:15     | Reached XP level 15. HP: 79/121 MP: 1/15
 19527 | D:15     | Noticed Nessos
 19543 | D:15     | Killed Nessos
 20002 | D:15     | Found a staircase to the Depths.
 21299 | Orc:1    | Entered Level 1 of the Orcish Mines
 21599 | Orc:2    | Entered Level 2 of the Orcish Mines
 21658 | Orc:2    | Received a gift from Trog
 21745 | Orc:2    | Slain by an orc knight

Illustrated notes

Levels and vault maps discovered:
D:1:      dpeg_arrival_ternary, layout_loops_ring, basic_ecumenical_altar
D:2:      layout_loops_ring
D:3:      layout_basic, kennysheep_generic_room_11, uniq_sigmund
D:4:      layout_basic, cheibrodos_sewer_entry_sluice,
          ebering_dispersal_statue_hall, nicolae_shop_clearance
D:5:      layout_loops_ring, xom_butterflies, serial_shops, shop,
          gammafunk_ghost_gnarly_gnolls
D:6:      cheibrodos_steamvent, layout_loops_corners, serial_bayou_pond_a,
          uniq_menkaure, uniq_pikel, uniq_edmund
D:7:      layout_gridville, minmay_temple_entry_statues_pillars,
          nicolae_figureground_sparkle
D:8:      layout_basic, serial_glass, glass_columns_c, glass_columns_c,
          glass_columns_a, glass_columns_b, serial_shops, nicolae_shop_crystal,
          minmay_misc_feat_rows, minmay_diamond_spiral, uniq_grum
D:9:      layout_cave_pools, nicolae_concentric_dashed_squares_wild, hive_lemuel
D:10:     cheibrodos_orc_bank, layout_irregular_city, kennysheep_windowed_goal
D:11:     minmay_cornered_nines, layout_loops_ring, dpeg_lair_monsters,
          orc_0_dummy, serial_shops, nicolae_shop_window_shopping, minivault_5
D:12:     layout_small_grid, enter_trove_0
D:13:     layout_rooms, david_vaults_2, worms_lemuel, uniq_snorg
D:14:     layout_rooms, serial_shops, shop, nicolae_square_shop,
          nicolae_diamond_shop, shop_statue, nicolae_stop_n_shop_2,
          minmay_misc_feat_pillars
D:15:     grunt_enter_depths_magical_seal, layout_loops_ring,
          gauntlet_entry_generic, minmay_misc_feat_nine_boxes, minivault_25,
          uniq_nessos
Temple:   mainiacjoe_temple_starburst
Orc:1:    layout_caves
Orc:2:    grunt_orc_tribal_feast, layout_caves

Skill      XL: |  1  2  3  4  5  6  7  8  9 10 11 12 13 14 15 |
---------------+----------------------------------------------+-----
Axes           | 3 |  3.1
Armour         | 2 3 4 6 7 9 10 12 13 | 13.6
Dodging        | 2 3 4 5 6 7 9 |  9.9
Fighting       | 4 5 6 8 10 12 13 | 13.2
Maces & Flails | 2 3 4 5 7 9 10 11 12 | 12.0
Short Blades   | 1 7 8 |  8.0

Action                   |  1- 3 |  4- 6 |  7- 9 | 10-12 | 13-15 || total
-------------------------+-------+-------+-------+-------+-------++-------
Melee: Hand axe          |    47 |       |       |       |       ||    47
       Whip              |    48 |    58 |   259 |       |       ||   365
       Pair of quick bla |       |       |    23 |   676 |   710 ||  1409
Throw: Boomerang         |       |       |       |     2 |       ||     2
Invok: Berserk           |     1 |     1 |     5 |     3 |     4 ||    14
       Trog's Hand       |       |       |     1 |     1 |     4 ||     6
  Use: Scroll            |     4 |     1 |     8 |    11 |     7 ||    31
       Potion            |       |       |       |     2 |     1 ||     3
Armor: Chain mail        |    61 |    20 |    80 |       |       ||   161
       Scale mail        |       |       |    67 |     4 |       ||    71
       Plate armour      |       |       |       |   250 |   274 ||   524
Dodge: Dodged            |    35 |    31 |   148 |   139 |   173 ||   526
       Repelled          |       |       |     1 |       |       ||     1

Table legend: (Time is in decaauts)
 A = Elapsed time spent in this place.
 B = Non-inter-level travel time spent in this place.
 C = Inter-level travel time spent in this place.
 D = Time resting spent in this place.
 E = Time spent auto-exploring this place.
 F = Levels seen in this place.
 G = Mean time per level.
                   A        B        C        D        E       F      G
               +--------+--------+--------+--------+--------+-----+--------+
         Total |  20911 |  20341 |    570 |   1271 |  15651 |  20 | 1045.6 |
       Dungeon |  18469 |  17943 |    526 |   1101 |  14142 |  15 | 1231.3 |
        Temple |    541 |    508 |     33 |      0 |    492 |   1 |  541.0 |
  Orcish Mines |    362 |    351 |     11 |      0 |    235 |   2 |  181.0 |
         Sewer |    724 |    724 |      0 |      0 |    515 |   1 |  724.0 |
      Gauntlet |    814 |    814 |      0 |    170 |    267 |   1 |  814.0 |
               +--------+--------+--------+--------+--------+-----+--------+

Top non-repeatable levels by time:
    D:15: 2188 daAuts
    D:11: 1956 daAuts
    D:12: 1680 daAuts
    D:13: 1560 daAuts
    D:10: 1541 daAuts
     D:6: 1377 daAuts
     D:5: 1127 daAuts
    D:14: 1060 daAuts
     D:9: 1009 daAuts
     D:8: 986 daAuts
     D:1: 943 daAuts
Gauntlet: 814 daAuts
     D:2: 812 daAuts
     D:3: 754 daAuts
     D:4: 735 daAuts
